 Dungeon Crawl Stone Soup version 0.28.0 (webtiles) character file.

Game seed: 6021648816041689709

3685 mkm the Cleaver (level 9, -26/82 HPs)
             Began as a Minotaur Berserker on Feb 10, 2022.
             Was an Elder of Trog.
             Hit by a large rock thrown by a cyclops (27 damage)
             ... on level 7 of the Dungeon.
             The game lasted 00:28:00 (6509 turns).

mkm the Cleaver (Minotaur Berserker)                Turns: 6509, Time: 00:28:01

Health: -26/82     AC: 16    Str: 23    XL:     9   Next: 90%
Magic:  8/8        EV:  8    Int:  6    God:    Trog [****..]
Gold:   678        SH:  0    Dex: 13    Spells: 8/8 levels left

rFire   + . .      SeeInvis .   e - +0 hand axe
rCold   + . .      Faith    +   (no shield)
rNeg    . . .      Spirit   .   c - +0 plate armour
rPois   .          Reflect  .   (helmet restricted)
rElec   .          Harm     .   d - scarf {rC+ rF+}
rCorr   .          Rampage  .   b - +0 pair of gloves
Will    .....                   (no boots)
Stlth   ..........              h - amulet of faith
HPRegen 0.23/turn               (no ring)
MPRegen 0.11/turn               (no ring)

@: on berserk cooldown, slowed, unable to read, very slow
A: horns 2, retaliatory headbutt, clever 1, sense surroundings 1, inability to
read while threatened
a: Renounce Religion, Berserk, Trog's Hand, Brothers in Arms


You were on level 7 of the Dungeon.
You worshipped Trog.
Trog was greatly pleased with you.
You visited 1 branch of the dungeon, and saw 7 of its levels.

You collected 678 gold pieces.

Inventory:

Hand Weapons
 e - a +0 hand axe (weapon)
Missiles
 u - 2 throwing nets (quivered)
Armour
 b - a +0 pair of gloves (worn)
 c - a +0 plate armour (worn)
 d - a scarf of resistance (worn)
Jewellery
 h - an amulet of faith (around neck)
 k - a ring of flight
Wands
 p - a wand of digging (4)
Scrolls
 a - a scroll of summoning
 f - a scroll of torment {unknown}
 l - 2 scrolls of teleportation
 m - a scroll of enchant armour {unknown}
 o - a scroll of fog {unknown}
 s - a scroll of fear {unknown}
 t - a scroll of vulnerability {unknown}
 v - a scroll of immolation {unknown}
Potions
 g - a potion of heal wounds
 i - a potion of might
 j - 2 potions of berserk rage
 n - a potion of flight {unknown}
 q - a potion of ambrosia {unknown}
 r - a potion of invisibility {unknown}
 w - a potion of curing {unknown}


   Skills:
 + Level 8.5 Fighting
 + Level 10.8(11.1) Axes
 - Level 3.6(7.8) Maces & Flails
 + Level 10.7 Armour
 + Level 2.7 Dodging


You had 8 spell levels left.
You didn't know any spells.
Your spell library was empty.

Dungeon Overview and Level Annotations

Branches:
Dungeon (7/15)             Temple (0/1) D:5

Altars:
Ashenzari
Cheibriados
Dithmenos
Fedhas
Qazlal
The Shining One

Shops:
D:1 [   D:2 [   D:5 ?   D:6 ?


Innate Abilities, Weirdness & Mutations

You have a pair of horns on your head.
You reflexively headbutt those who attack you in melee.
Your mind is acute. (Int +2)
You passively map a small area around you.
You sometimes lose the ability to read scrolls when taking damage.


Message History

The cyclops is moderately wounded.
You hit the cyclops. You headbutt the cyclops!
The cyclops is heavily wounded.
You are no longer berserk.
You are exhausted.
You feel yourself slow down.
The cyclops hits you but does no damage.
You barely miss the cyclops. You headbutt the cyclops.
The cyclops is heavily wounded.
The cyclops hits you.
You hit the cyclops.
The cyclops is severely wounded.
You hit the cyclops but do no damage.
The cyclops is severely wounded.
You hear the loud creaking of a distant portcullis.
The cyclops hits you!
You feel threatened and lose the ability to read scrolls!
You barely miss the cyclops.
The cyclops is severely wounded.
The cyclops closely misses you.
You hit the cyclops.
You headbutt the cyclops, but do no damage.
The cyclops is severely wounded.
The cyclops barely misses you.
You hit the cyclops but do no damage.
You headbutt the cyclops, but do no damage.
The cyclops is severely wounded.
The cyclops hits you!
You hit the cyclops.
The cyclops is severely wounded.
You hit the cyclops but do no damage. You headbutt the cyclops.
The cyclops is almost dead.
The cyclops hits you!!
* * * LOW HITPOINT WARNING * * *
You fail to use your ability.
The cyclops closely misses you.
You fail to use your ability.
The cyclops barely misses you.
You feel much better. The cyclops hits you!!
* * * LOW HITPOINT WARNING * * *
The cyclops throws a large rock.
The large rock hits you!!
You die...

#.:........#...........).)...##
#..........#.>...........#....##
#.........#†......#..........##
#......#..†......#.##.##.....<
##......#..##.......#.###.....
###..#.##.##..#..#.#..##..#..
#..#.^..##..#.......#...#..
#..####.......#.......#.... #..#
###.@.C##.###.#####.. #..##
#.......# #...#*#<. #...#
##...###.###....##..
#...####..<.......###..###.
#....##....####.#.# *....._
#..#.#..##.# ,.# #.#.#
#.......##†# ., .....
#.......#..# *,....#
##......#.##**


You could see a cyclops.

Vanquished Creatures
  Eustachio (D:5)
  2 water moccasins
  2 sky beasts
  An orc warrior (D:7)
  An ice beast (D:5)
  4 black bears
  A necrophage (D:5)
  An ogre (D:5)
  A kobold brigand (D:5)
  2 phantoms
  Blork the orc (D:5)
  A gnoll sergeant (D:6)
  A scorpion (D:4)
  A water moccasin zombie (D:5)
  2 wyvern skeletons
  4 killer bees (D:7)
  A howler monkey (D:5)
  A bullfrog zombie (D:7)
  3 hounds (D:6)
  A bullfrog skeleton (D:6)
  A centaur zombie (D:5)
  5 jellies
  An iguana (D:5)
  Ijyb (D:5)
  A scorpion zombie (D:5)
  6 orc wizards
  A hound zombie (D:5)
  Robin (D:4)
  4 adders
  5 gnolls (D:6)
  A howler monkey skeleton (D:5)
  A white imp (D:5)
  An adder skeleton (D:5)
  2 worms (D:2)
  2 dart slugs
  9 orcs
  6 endoplasms
  4 giant cockroaches
  15 goblins
  9 hobgoblins
  4 jackals (D:5)
  2 quokkas (D:5)
  4 ball pythons
  13 bats
  2 frilled lizards (D:2)
  2 kobolds
  3 rats
138 creatures vanquished.

Vanquished Creatures (collateral kills)
  A hydra (D:7)
  Maggie (D:6)
  An orc wizard (D:7)
  2 orcs (D:7)
5 creatures vanquished.

Vanquished Creatures (others)
  8 plants (D:4)
8 creatures vanquished.

Grand Total: 151 creatures vanquished

Notes
Turn   | Place    | Note
-------+----------+-------------------------------------------
     0 | D:1      | mkm the Minotaur Berserker began the quest for the Orb.
     0 | D:1      | Reached XP level 1. HP: 19/19 MP: 0/0
   303 | D:1      | Reached XP level 2. HP: 27/27 MP: 1/1
   337 | D:1      | Found Dozec's Armour Shoppe.
   369 | D:1      | Found a faded altar of an unknown god.
   824 | D:2      | Reached ** piety under Trog
   847 | D:2      | You fall into a shaft and drop 1 floor!
   921 | D:2      | Reached XP level 3. HP: 34/34 MP: 2/2
   931 | D:2      | Found a blossoming altar of Fedhas.
  1329 | D:2      | Found Ampoakim's Antique Armour Emporium.
  1428 | D:2      | Reached skill level 1 in Axes
  1528 | D:2      | Gained mutation: You sometimes lose the ability to read
                  | scrolls when taking damage. [potion of mutation]
  1528 | D:2      | Gained mutation: You are agile. (Dex +2) [potion of
                  | mutation]
  1528 | D:2      | Gained mutation: You are partially covered in iridescent
                  | scales. (AC +2) [potion of mutation]
  1740 | D:4      | Reached XP level 4. HP: 41/41 MP: 3/3
  2053 | D:4      | Noticed Robin
  2068 | D:4      | Killed Robin
  2069 | D:4      | Reached *** piety under Trog
  2069 | D:4      | Noticed a black bear
  2070 | D:4      | Reached skill level 5 in Fighting
  2075 | D:4      | Killed a black bear
  2076 | D:4      | Reached XP level 5. HP: 48/48 MP: 4/4
  2272 | D:4      | Reached XP level 6. HP: 56/56 MP: 5/5
  2575 | D:4      | Found a snail-covered altar of Cheibriados.
  2680 | D:5      | Entered Level 5 of the Dungeon
  2718 | D:5      | Noticed an ice beast
  2731 | D:5      | Killed an ice beast
  2762 | D:5      | Found a shadowy altar of Dithmenos.
  2762 | D:5      | Found a glowing golden altar of the Shining One.
  2770 | D:5      | Noticed a water moccasin
  2797 | D:5      | Killed a water moccasin
  2798 | D:5      | Reached skill level 5 in Axes
  2798 | D:5      | Reached skill level 5 in Armour
  2798 | D:5      | Reached XP level 7. HP: 63/63 MP: 6/6
  2833 | D:5      | Found a staircase to the Ecumenical Temple.
  3015 | D:5      | Found a stormy altar of Qazlal.
  3018 | D:5      | Noticed Blork the orc
  3049 | D:5      | Killed Blork the orc
  3351 | D:5      | Noticed Ijyb
  3362 | D:5      | Killed Ijyb
  3446 | D:5      | Found Nuuph's Magic Scroll Emporium.
  3612 | D:5      | Reached XP level 8. HP: 54/71 MP: 7/7
  3907 | D:5      | Noticed Eustachio
  3922 | D:5      | Killed Eustachio
  4181 | D:5      | Reached **** piety under Trog
  4982 | D:6      | Found Ysocry's Magic Scroll Shop.
  5008 | D:6      | Lost mutation: You are partially covered in iridescent
                  | scales. (AC +2) [potion of mutation]
  5008 | D:6      | Lost mutation: You are agile. (Dex +2) [potion of mutation]
  5008 | D:6      | Gained mutation: Your mind is acute. (Int +2) [potion of
                  | mutation]
  5008 | D:6      | Gained mutation: You passively map a small area around you.
                  | [potion of mutation]
  5167 | D:6      | Reached XP level 9. HP: 79/79 MP: 8/8
  5683 | D:6      | Noticed Maggie
  5688 | D:6      | Killed Maggie
  5689 | D:6      | Reached skill level 10 in Axes
  5960 | D:7      | Found a broken altar of Ashenzari.
  6062 | D:7      | Noticed a six-headed hydra
  6089 | D:7      | Killed a six-headed hydra
  6090 | D:7      | Reached skill level 10 in Armour
  6324 | D:7      | Noticed a cyclops
  6504 | D:7      | HP: 2/82 [cyclops (27)]
  6509 | D:7      | Hit by a large rock thrown by a cyclops

Illustrated notes

Levels and vault maps discovered:
D:1:      saegor_arrival_under_anarchy, layout_loops_ring,
          basic_ecumenical_altar, serial_shops, shop
D:2:      layout_basic, basic_altar, serial_shops, shop_fountains,
          minmay_tetromino_t2
D:3:      layout_basic, mainiacjoe_overflow_boulevard,
          mainiacjoe_overflow_six_doors_small, nicolae_uskayaw_en_pointe,
          serial_shops, nicolae_diamond_shop, serial_co_window_serial,
          co_window_corner_a, co_window_of_opportunity_a, co_window_corner_a,
          co_window_paths_b, co_window_paths_a, co_window_paths_b,
          co_window_of_opportunity_a, co_window_cross_3, co_window_broadway_a,
          co_window_corner_cb, co_window_cross_3, glass_columns_b,
          roderic_batcave
D:4:      layout_basic, chei_slow_surprise, serial_bayou_crossing, uniq_robin
D:5:      minmay_polygon_palace, layout_basic, nicolae_qazlal_general_emergency,
          jmf_multi_god_temple, minmay_temple_entry_butterflies, serial_shops,
          shop, uniq_eustachio, uniq_blork_the_orc, uniq_ijyb
D:6:      layout_basic, serial_shops, shop_fountains, uniq_maggie
D:7:      layout_rooms, tgw_kikubaaqudgha, ashenzari_altar_1, enter_bailey_3,
          uniq_duvessa

Skill      XL: |  1  2  3  4  5  6  7  8  9 |
---------------+----------------------------+-----
Fighting       | 4 5 6 7 8 |  8.5
Armour         | 3 4 5 6 8 10 | 10.7
Axes           | 1 3 5 7 9 10 | 10.8
Maces & Flails | |  3.6
Dodging        | |  2.7

Action                   |  1- 3 |  4- 6 |  7- 9 || total
-------------------------+-------+-------+-------++-------
Melee: Mace              |    24 |       |       ||    24
       Punch             |     1 |     1 |     7 ||     9
       Hand axe          |    82 |    98 |   303 ||   483
       Headbutt          |    11 |    13 |    69 ||    93
Invok: Berserk           |       |     2 |     7 ||     9
       Brothers in Arms  |       |       |     2 ||     2
       Trog's Hand       |       |       |     1 ||     1
  Use: Scroll            |     3 |     4 |     2 ||     9
       Potion            |     1 |       |     3 ||     4
 Stab: Sleeping          |     1 |       |       ||     1
Armor: Plate armour      |    80 |    77 |   176 ||   333
Dodge: Dodged            |    28 |    22 |   100 ||   150
